AoeStats
← 客官

Arabia

509374870Analyzed
1v1 RM · 7d ago on Sep 26, 2026· 56m 7s· 2 players
Game mode
Random Map
Map size
Tiny (2 player)
Population
200
Speed
Normal
Resources
Standard
Victory
Conquest
Starting age
Dark Age
Ending age
Imperial Age
RankedLock teamsTeams togetherTeam positionsShared explorationLock speedFull tech treeHidden civsTurbo modeCheats
Victory
Defeat
🇦🇷 Tatars · Argentina
1514
+15
🇨🇳 Khmer · China
1500
-15
客官
6:24 Loom
9:05 Feudal Age
11:13 Double-Bit Axe
16:11 Fletching
17:51 Padded Archer Armor
18:38 Man-at-Arms
22:08 Castle Age
21:46 Scale Barding Armor
22:09 Forging
21:42 Horse Collar
22:21 Bloodlines
22:46 Gold Mining
23:34 Chain Barding Armor
23:59 Iron Casting
25:58 Husbandry
30:02 Elite Skirmisher
32:59 Town Watch
35:19 Wheelbarrow
40:46 Imperial Age
38:09 Stone Mining
41:42 Gold Shaft Mining
42:08 Plate Barding Armor
41:02 Cavalier
42:22 Bow Saw
44:28 Blast Furnace
45:02 Conscription
46:53 Bodkin Arrow
47:13 Leather Archer Armor
48:15 Bracer
48:05 Elite Battle Elephant
49:53 Ring Archer Armor
50:36 Chemistry
50:03 Ballistics
49:54 Masonry
52:07 Light Cavalry
53:40 Architecture
Quito900
6:46 Loom
9:20 Feudal Age
9:42 Man-at-Arms
13:44 Fletching
23:44 Castle Age
21:52 Double-Bit Axe
23:31 Horse Collar
24:59 Bloodlines
24:50 Bodkin Arrow
25:44 Husbandry
31:06 Bow Saw
30:57 Heavy Plow
37:04 Wheelbarrow
38:29 Hand Cart
43:23 Imperial Age
41:17 Ballistics
41:09 Light Cavalry
43:02 Pikeman
43:42 Squires
43:43 Padded Archer Armor
43:51 Scale Barding Armor
44:07 Bracer
45:08 Chemistry
44:12 Silk Armor
44:30 Forging
44:42 Heavy Cavalry Archer
45:39 Leather Archer Armor
46:20 Gold Mining
48:56 Ring Archer Armor
49:29 Chain Barding Armor
49:40 Scale Mail Armor
53:33 Plate Barding Armor
53:10 Hussar
54:51 Halberdier
Connection lost

Rejoining the realm…

Still unreachable

The connection could not be restored.

Session expired

The server has moved on; the page needs a fresh start.